 Dungeon Crawl Stone Soup version 0.28-a0-1493-g08698888e4 (webtiles) character file.

Game seed: 15913415470911372444

350 ders the Magician (level 6, -11/40 HPs)
             Began as a Djinni Fire Elementalist on Jan 12, 2022.
             Killed by divine providence
             ... invoked by an orc priest
              (13 damage)
             ... on level 4 of the Dungeon.
             The game lasted 00:04:04 (5006 turns).

ders the Magician (Djinni Fire Elementalist)        Turns: 5006, Time: 00:04:04

Health: -11/40     AC:  2    Str:  4 (7)  XL:     6   Next: 92%
Gold:   188        EV: 27    Int: 18 (21) God:
                   SH:  0    Dex: 11 (13)

rFire   + + .      SeeInvis .   h - +7 hunting sling of the End {vorpal, Int+2}
rCold   x . .      Faith    .   (no shield)
rNeg    . . .      Spirit   .   a - +0 robe
rPois   ∞          Reflect  .   (no helmet)
rElec   .          Harm     .   (no cloak)
rCorr   .          Rampage  .   (no gloves)
Will    .....                   (boots unavailable)
Stlth   ++........              k - amulet of the acrobat
HPRegen 0.13/turn               (no ring)
MPRegen 0.00/turn               (no ring)

@: acrobatic, attractive, flying
A: sickness immunity, fire resistance 2, cold vulnerability 1, float, innate
caster, hp casting, extra vitality 1
a: no special abilities


You were on level 4 of the Dungeon.
You visited 1 branch of the dungeon, and saw 4 of its levels.

You collected 188 gold pieces.

Inventory:

Hand Weapons
 h - the +7 hunting sling of the End (weapon) {vorpal, Int+2}
   (You found it on level 3 of the Dungeon)

   Any ammunition fired from it inflicts extra damage upon your enemies.
   Int:       It affects your intelligence (+2).
Missiles
 i - 60 stones (quivered ammo)
Armour
 a - a +0 robe (worn)
Jewellery
 j - an amulet of faith
 k - an amulet of the acrobat (around neck)
Scrolls
 c - 4 scrolls of enchant weapon {unknown}
 d - 3 scrolls of identify {unknown}
 f - a scroll of summoning {unknown}
 g - a scroll of magic mapping {unknown}
Potions
 b - 3 potions of attraction
 e - a potion of degeneration


   Skills:
 + Level 2.2 Slings
 - Level 2.1 Dodging
 - Level 1.5 Stealth
 + Level 5.0 Spellcasting


You couldn't memorise any spells.
You knew the following spells:

 Your Spells              Type           Power      Damage    Failure   Level
a - Foxfire               Conj/Fire      88%        2x1d8     1%          1
b - Scorch                Fire           44%        2d7       2%          2
c - Conjure Flame         Conj/Fire      22%        6-21      4%          3
d - Inner Flame           Hex/Fire       22%        N/A       4%          3
e - Flame Wave            Conj/Fire      22%        2d6       17%         4
f - Beastly Appendage     Tmut           44%        N/A       1%          1
g - Ensorcelled Hibernat  Hex/Ice        44%        N/A       2%          2
Your spell library was empty.

Dungeon Overview and Level Annotations

Branches:
Dungeon (4/15)
 Temple: D:4-7

Altars:
Yredelemnul
The Shining One


Innate Abilities, Weirdness & Mutations

You are immune to sickness and miasma.
You are immune to poison.
Your flesh is very heat resistant. (rF++)
You are vulnerable to cold. (rC-)
You float through the air rather than walking.
You learn spells naturally, not from books.
Your magical power is your life essence.
You have superior vitality. (+4 MHP)


Message History

You hear a shout!
Your Slings skill increases to level 2!
Your Spellcasting skill increases to level 5!
Unknown command.
You are too injured to fight recklessly!
Casting: Foxfire (safe; 1% risk of failure)
Confirm with . or Enter, or press ? or * to list all spells.
Flames lash the orc.
You kill the orc!
* * * LOW HITPOINT WARNING * * *
An orc priest comes into view. It is wielding a +0 whip.
Unknown command.
You are too injured to fight recklessly!
You are too injured to fight recklessly!
Casting: Foxfire (safe; 1% risk of failure)
Press: ? - help, Q - select action, (/) - cycle Dir - look around, f - activate Look: an orc priest, wielding a +0 whip and wearing a +0 leather armour
Okay, then.
An orc wizard and an orc come into view.
Casting: Foxfire (safe; 1% risk of failure)
Confirm with . or Enter, or press ? or * to list all spells.
Aiming: Ensorcelled Hibernation (safe; 1% risk of failure)
Press: ? - help, Shift-Dir - straight line, f - orc priest
Aim: an orc priest, wielding a +0 whip and wearing a +0 leather armour (chance to affect: 57%)
The orc priest looks drowsy...
* * * LOW HITPOINT WARNING * * *
The orc priest calls down the wrath of Beogh upon you.
Beogh smites you!
* * * LOW HITPOINT WARNING * * *
Casting: Ensorcelled Hibernation (safe; 1% risk of failure)
Confirm with . or Enter, or press ? or * to list all spells.
Okay, then.
It was a potion of attraction.
You feel attractive to monsters.
It was a potion of degeneration.
There was something very wrong with that liquid.
You feel weakened.
You feel dopey.
You feel clumsy.
The orc priest invokes the aid of Beogh against you.
Beogh smites you!
You die...

.. ###### .. ... ..#
####.###.# #.#######
#...o#...# #.#.....#
#..(o#.#.###....##.#
#...)#.#........##.#
#...o#o#........##.####
#....o.........(##.....
#....#@#.[......#######
#.####.#....#...# #
..#....#...#
####....#...#
#....#...#
########....#...#
...............##
########....##.#
#######.#


You could see an orc priest, an orc wizard and an orc.

Vanquished Creatures
  Menkaure (D:4)
  An ogre (D:4)
  5 adders
  2 worms (D:2)
  2 dart slugs
  3 orcs
  7 endoplasms
  2 giant cockroaches
  10 goblins
  4 hobgoblins
  4 jackals (D:2)
  4 quokkas
  3 ball pythons
  7 bats
  2 frilled lizards
  7 kobolds
  10 rats
74 creatures vanquished.

Vanquished Creatures (collateral kills)
  4 foxfires (D:2)
4 creatures vanquished.

Vanquished Creatures (others)
  190 foxfires
  13 plants (D:3)
203 creatures vanquished.

Grand Total: 281 creatures vanquished

Notes
Turn   | Place    | Note
-------+----------+-------------------------------------------
     0 | D:1      | ders the Djinni Fire Elementalist began the quest for the
                  | Orb.
     0 | D:1      | Reached XP level 1. HP: 15/15 MP: 0/0
     2 | D:1      | Noticed a gargoyle
     4 | D:1      | Noticed a human
     4 | D:1      | Noticed a vampire
     6 | D:1      | Noticed a naga
     8 | D:1      | Noticed a demigod
     8 | D:1      | Noticed a dwarf
    10 | D:1      | Noticed a merfolk
    12 | D:1      | Noticed a felid
    14 | D:1      | Noticed a ghoul
    14 | D:1      | Noticed an octopode
    16 | D:1      | Noticed an ogre
    18 | D:1      | Noticed a vine stalker
    18 | D:1      | Noticed a formicid
    20 | D:1      | Noticed a troll
    20 | D:1      | Noticed a spriggan
    22 | D:1      | Noticed a tengu
    22 | D:1      | Noticed a minotaur
    24 | D:1      | Noticed a demonspawn
    24 | D:1      | Noticed a draconian
    26 | D:1      | Noticed an elf
    52 | D:1      | Reached XP level 2. HP: 2/21 MP: 0/0
   526 | D:1      | Reached skill level 3 in Spellcasting
   795 | D:1      | Reached XP level 3. HP: 22/25 MP: 0/0
   795 | D:1      | Learned a level 1 spell: Beastly Appendage
  1727 | D:2      | Reached XP level 4. HP: 27/31 MP: 0/0
  2902 | D:2      | Found a faded altar of an unknown god.
  3589 | D:3      | Reached skill level 4 in Spellcasting
  3650 | D:3      | Reached XP level 5. HP: 32/35 MP: 0/0
  3650 | D:3      | Learned a level 2 spell: Ensorcelled Hibernation
  4049 | D:3      | Identified the +7 hunting sling of the End {vorpal, Int+2}
  4502 | D:3      | Found a basalt altar of Yredelemnul.
  4517 | D:3      | Noticed a profane servitor
  4524 | D:3      | Found a glowing golden altar of the Shining One.
  4526 | D:3      | Noticed an angel
  4640 | D:3      | Identified the +1 robe of Gafrav {Dex+2}
  4848 | D:4      | Noticed an ogre
  4856 | D:4      | Killed an ogre
  4857 | D:4      | Reached skill level 1 in Slings
  4857 | D:4      | Reached XP level 6. HP: 34/40 MP: 0/0
  4991 | D:4      | Noticed Menkaure
  4998 | D:4      | Killed Menkaure
  4999 | D:4      | Reached skill level 5 in Spellcasting
  5003 | D:4      | HP: 2/40 [orc priest/divine providence (8)]
  5006 | D:4      | Killed from afar by an orc priest

Illustrated notes

Levels and vault maps discovered:
D:1:      kb_arrival_jail, layout_basic
D:2:      layout_loops_corners, shapermc_ecumenical_altar_gd, minivault_23
D:3:      minmay_bubble_buster, layout_basic, grunt_temple_overflow_holy_war,
          serial_bayou_pond_c
D:4:      layout_basic, minmay_temple_entry_gardened_gates, uniq_menkaure,
          uniq_sigmund

Skill      XL: |  1  2  3  4  5  6 |
---------------+-------------------+-----
Spellcasting   | 3 4 5 |  5.0
Slings         | 1 2 |  2.2
Dodging        | |  2.1
Stealth        | |  1.5

Action                   |  1- 3 |  4- 6 || total
-------------------------+-------+-------++-------
 Fire: Hunting sling     |       |    11 ||    11
 Cast: Foxfire           |    62 |    66 ||   128
       Scorch            |       |    24 ||    24
       Ensorcelled Hiber |       |     1 ||     1
  Use: Potion            |       |     2 ||     2
Armor: Robe              |     1 |     2 ||     3
Dodge: Dodged            |     5 |    35 ||    40

Table legend: (Time is in decaauts)
 A = Elapsed time spent in this place.
 B = Non-inter-level travel time spent in this place.
 C = Inter-level travel time spent in this place.
 D = Time resting spent in this place.
 E = Time spent auto-exploring this place.
 F = Levels seen in this place.
 G = Mean time per level.
                   A        B        C        D        E       F      G
               +--------+--------+--------+--------+--------+-----+--------+
         Total |   5006 |   4924 |     82 |    723 |   3711 |   4 | 1251.5 |
       Dungeon |   5006 |   4924 |     82 |    723 |   3711 |   4 | 1251.5 |
               +--------+--------+--------+--------+--------+-----+--------+

Top non-repeatable levels by time:
     D:2: 1790 daAuts
     D:3: 1516 daAuts
     D:1: 1457 daAuts
     D:4: 243 daAuts
